 Dungeon Crawl Stone Soup version 0.17.1-3-g152610e (webtiles) character file.

270854 hannobal the Tortoise (level 19, -3/178 HPs)
             Began as a Deep Dwarf Berserker on Feb 14, 2016.
             Was an Elder of Trog.
             Killed from afar by a deep elf sorcerer (39 damage)
             ... with a blast of hellfire
             ... on level 3 of the Elven Halls on Feb 20, 2016.
             The game lasted 05:28:29 (48742 turns).

hannobal the Tortoise (Deep Dwarf Berserker)       Turns: 48742, Time: 05:28:30

Health: -3/178     AC: 34    Str: 32    XL:     19   Next: 44%
Magic:  16/16      EV: 17    Int:  5    God:    Trog [****..]
Gold:   1521       SH:  8    Dex: 18    Spells: 0 memorised, 18 levels left

rFire  + . .     SeeInvis .     a - +5 eveningstar of Doubt {speed, +Blink rC+ rN++ Int-5}
rCold  + . .     Clarity  .     p - +2 plate armour {rPois}
rNeg   + + +     SustAt   .     s - +2 buckler {AC+3}
rPois  +         Gourm    .     P - +0 helmet
rElec  .         Spirit   .     L - +0 cloak
rCorr  +         Warding  .     Q - +1 pair of gloves
rMut   .         Stasis   .     c - +0 pair of boots "Epicetao" {MR+ Dex+4}
MR     +++++                    K - amulet of resist corrosion
Stlth  ..........               t - ring "Culeaga" {rF+ Str+5}
                                R - +4 ring of protection

@: exhausted, very slightly contaminated, non-regenerating, slowed, very slow,
almost entirely resistant to hostile enchantments, extremely unstealthy
A: damage resistance, recharge devices, negative energy resistance 1, sense
surroundings 3, slow regeneration 3, strong 1
a: Device Recharging, Berserk, Trog's Hand, Brothers in Arms, Burn Spellbooks,
Renounce Religion, Evoke Blink
}: 2/15 runes: barnacled, gossamer


You were on level 3 of the Elven Halls.
You worshipped Trog.
Trog was greatly pleased with you.
You were very full.

You visited 7 branches of the dungeon, and saw 39 of its levels.
You also visited: Ice Cave.

You collected 4201 gold pieces.
You spent 2680 gold pieces at shops.

Inventory:

Hand Weapons
 a - the +5 eveningstar of Doubt (weapon) {speed, +Blink rC+ rN++ Int-5}
   (Trog gifted it to you on level 4 of the Orcish Mines)

   Attacks with this weapon are significantly faster.
   It affects your intelligence (-5).
   It protects you from cold.
   It greatly protects you from negative energy.
   It lets you blink.
 b - a +0 blowgun
 w - the +5 war axe "Bopemujo" {venom, SInv}
   (You found it on level 7 of the Lair of Beasts)

   It poisons the flesh of those it strikes.
   It lets you see invisible.
 O - the +9 mace of the Onslaught {holy, Str+3 Int+2 SInv}
   (You took it off a deep elf mage on level 3 of the Elven Halls)

   It has been blessed by the Shining One to cause great damage to the undead
   and demons.
   It affects your strength (+3).
   It affects your intelligence (+2).
   It lets you see invisible.
Missiles
 l - 22 poisoned javelins
 o - 4 curare-tipped needles
 z - 5 needles of sleeping
 D - 67 javelins of returning
 V - 4 needles of confusion
 Y - 35 javelins of penetration (quivered)
Armour
 c - the +0 pair of boots "Epicetao" (worn) {MR+ Dex+4}
   (You found it on level 4 of the Orcish Mines)

   It affects your dexterity (+4).
   It affects your resistance to hostile enchantments.
 p - a +2 plate armour of poison resistance (worn)
 s - a +2 buckler of protection (worn)
 E - the +0 leather armour of the Bulwark {rElec rC+ Stlth+}
   (You found it on level 4 of the Lair of Beasts)

   It protects you from cold.
   It insulates you from electricity.
   It makes you more stealthy.
 L - a +0 cloak (worn)
 P - a +0 helmet (worn)
 Q - a +1 pair of gloves (worn)
Jewellery
 f - an uncursed ring of flight
 g - the ring "Agasus" {Ice MR+ SInv}
   (You took it off a deep elf mage on level 3 of the Elven Halls)

   [ring of ice]

   It enhances your ice magic, and weakens your fire magic.
   It makes you vulnerable to fire.
   It protects you from cold.
   It affects your resistance to hostile enchantments.
   It lets you see invisible.
 t - the ring "Culeaga" (right hand) {rF+ Str+5}
   (You found it in an ice cave)

   [ring of protection from fire]

   It affects your strength (+5).
   It protects you from fire.
 A - an uncursed ring of sustain attributes
 C - the ring "Fiqius" {rC+++ AC+3 Str+2 Dex-4 Slay+2}
   (You bought it in a shop on level 3 of the Elven Halls)

   [ring of protection]

   It affects your AC (+3).
   It affects your strength (+2).
   It affects your dexterity (-4).
   It affects your accuracy and damage with ranged weapons and melee attacks
   (+2).
   It renders you almost immune to cold.
 G - an uncursed amulet of the gourmand
 K - an amulet of resist corrosion (around neck)
 M - an uncursed amulet of resist mutation
 R - a +4 ring of protection (left hand)
 T - an uncursed ring of teleportation
Wands
 h - a wand of heal wounds (5)
 x - a wand of digging (9)
 I - a wand of teleportation (4)
 X - a wand of disintegration (16)
Scrolls
 i - 12 scrolls of identify
 j - 4 scrolls of fear
 q - 8 scrolls of teleportation
 r - 3 scrolls of remove curse
 H - 3 scrolls of fog
 J - 2 scrolls of magic mapping
 S - a scroll of holy word
Potions
 d - 3 potions of haste
 k - 5 potions of might
 v - a potion of flight
 y - 7 potions of agility
 B - 3 potions of cancellation
 F - 7 potions of resistance
 N - 12 potions of curing
Miscellaneous
 e - a lamp of fire (inert)
Comestibles
 m - a slice of pizza
 n - 17 meat rations
 u - 24 bread rations
 U - 13 chunks of flesh


   Skills:
 - Level 13.0 Fighting
 - Level 13.1(16.0) Maces & Flails
   Level 14.3(15.9) Staves
 - Level 13.0 Throwing
 - Level 17.0 Armour
 - Level 13.0 Dodging
 - Level 5.0 Shields
 + Level 13.0 Evocations


You had 18 spell levels left.
You didn't know any spells.

Dungeon Overview and Level Annotations

Branches:
Dungeon (15/15)            Temple (1/1) D:5            Lair (8/8) D:9
 Shoals (4/4) Lair:3       Spider (4/4) Lair:4        Slime (0/6) Lair:7
    Orc (4/4) D:9             Elf (3/3) Orc:3        Vaults (0/5) D:14
 Depths (0/5) D:15

Altars:
Dithmenos
Elyvilon
Kikubaaqudgha
Nemelex Xobeh
Qazlal
Sif Muna
Trog
Xom
Beogh

Shops:
Orc:2 =   Orc:4 %*:%   Elf:2 *   Elf:3 =   Shoals:1 (

Portals:
Trove: Elf:2 (give 23 scrolls of identify)

Annotations:
Shoals:4 Mara
Orc:2 exclusion: upstairs
Elf:2 5 runed doors, exclusion: 6 doors


Innate Abilities, Weirdness & Mutations

You are resistant to damage.
You can recharge devices by infusing magical energy.
You resist negative energy.
You passively map a large area around you.
You do not regenerate naturally.
Your muscles are strong. (Str +2)


Message History

The crystal guardian is unaffected.
The crystal guardian hits you.
* * * LOW HITPOINT WARNING * * *
The orange demon stings you from afar.
* * * LOW HITPOINT WARNING * * *
The crystal guardian glitters, brittle, in the dim dungeon light.
The crystal guardian hits you but does no damage.
Evoke which item? (* to show all) (? for menu, Esc to quit)
Okay, then.
Evoke which item? (* to show all) (? for menu, Esc to quit)
Okay, then.
Drink which item? (? for menu, Esc to quit)
Okay, then.
Read which item? (? for menu, Esc to quit)
Blink to where?
Press: ? - help, Dir - move target cursor You are very lightly contaminated with residual magic.
As you read the scroll of blinking, it crumbles to dust.
The deep elf sorcerer gestures at you while chanting.
The hellfire explodes!
The blast of hellfire engulfs you!
You die...

..≈≈≈≈≈..........................
≈≈≈≈≈≈≈≈≈).......................
≈≈#####≈≈≈≈≈≈≈≈≈≈≈≈≈≈≈≈≈≈≈≈≈≈≈≈≈≈
≈##...##≈≈≈≈≈≈≈≈≈≈≈≈≈≈≈≈≈≈≈≈≈≈≈≈≈
##.....##########################
#.......+.?...........((.........
#...8...+........................
#.......###'###########)#'#######
##.....##.......@#.....)#....(...
≈##...##.........'.....4)4).4....
≈≈#''##..........#...(.e#).......
≈≈#..#...#################e######
≈≈#..#...# #..)..# )≈#..#...#
#...(.# ≈≈#..#...# ##...##
≈≈#..#...# ###.### ≈≈#..#...#
###.)...###


You could see a deep elf sorcerer and an orange demon.

Vanquished Creatures
  Jorgrun (Shoals:4)
  The ghost of emiel the Executioner, an adept HOGl of Okawaru (Shoals:4)
  An Ice Fiend (IceCv)
  Polyphemus (Shoals:4)
  2 krakens (Shoals:1)
  Frances (D:13)
  Kirke (Lair:5)
  Ilsuiw (Shoals:4)
  2 ghost moths (Spider:4)
  4 deep elf sorcerers (Elf:3)
  Aizul (Elf:1)
  Louise (D:15)
  An orc warlord (Orc:4)
  4 emperor scorpions
  5 deep elf demonologists
  4 deep elf annihilators (Elf:3)
  2 deep elf death magi (Elf:3)
  8 merfolk javelineers
  A fire dragon (Lair:8)
  A crystal guardian (Elf:3)
  A great orb of eyes (shapeshifter) (D:14)
  7 merfolk impalers
  An ogre mage (D:15)
  3 deep elf high priests (Elf:3)
  4 entropy weavers
  9 hydras
  3 merfolk avatars
  9 merfolk aquamancers
  2 centaur warriors
  3 catoblepae
  Erolcha (Orc:3)
  5 dancing weapons
  A queen ant (Lair:2)
  7 death yaks
  4 orc high priests (Orc:4)
  Urug (Lair:1)
  A shock serpent (shapeshifter) (Elf:1)
  11 deep elf knights
  2 fire crabs
  10 sea snakes
  6 ice devils (IceCv)
  3 unseen horrors
  3 orc knights (Orc:4)
  3 hill giants
  An orange crystal statue (Elf:3)
  3 wizards (D:15)
  5 deep elf summoners
  9 hornets
  20 deep elf conjurers
  4 orc sorcerers
  11 harpies
  5 fauns
  8 griffons
  10 orb spiders
  24 wolf spiders
  7 manticores
  10 ugly things
  3 cyclopes
  4 moths of wrath
  8 sirens
  7 water nymphs
  A guardian serpent (Lair:8)
  2 naga magi (D:15)
  25 elephants
  A spiny frog (shapeshifter) (D:15)
  2 ice statues (IceCv)
  12 black mambas
  2 gargoyles
  11 komodo dragons
  A torpor snail (Spider:4)
  20 spiny frogs
  23 demonic crawlers
  An efreet (D:13)
  A komodo dragon (shapeshifter) (D:14)
  12 deep elf priests
  27 jumping spiders
  32 merfolk
  7 blue devils (IceCv)
  A queen bee (Lair:5)
  6 fire drakes
  3 wind drakes
  10 two-headed ogres
  7 trolls
  32 blink frogs
  17 trapdoor spiders
  6 slime creatures
  3 boulder beetles
  49 redbacks
  7 snapping turtles
  19 tarantellas
  A wraith (D:13)
  32 yaks
  11 water elementals
  A wyvern (Lair:8)
  2 vampire mosquitoes (D:15)
  2 hippogriffs
  31 deep elf magi
  7 basilisks
  2 hogs (Lair:4)
  30 wolves
  A hungry ghost (D:12)
  A human (D:7)
  5 steam dragons
  29 deep elf fighters
  5 soldier ants
  10 swamp worms (Lair:8)
  2 mottled dragons
  56 orc warriors
  24 water moccasins
  6 porcupines
  5 wargs
  8 ice beasts (Shoals:3)
  A swamp drake (Lair:8)
  2 black bears
  2 phantoms
  15 spiders
  6 wasps
  A necrophage (D:10)
  3 sky beasts
  19 ogres
  A black bear (shapeshifter) (D:14)
  An eye of draining (D:9)
  16 centaurs
  15 crocodiles
  3 big kobolds
  2 brain worms (Lair:8)
  19 giant frogs
  2 wyvern skeletons
  4 scorpions
  A water moccasin zombie (D:9)
  28 killer bees
  13 electric eels
  9 wights (D:12)
  5 crimson imps
  2 giant frog zombies
  A quasit (D:7)
  2 centaur zombies
  54 orc priests
  4 jellies
  Ijyb (D:2)
  2 giant frog skeletons (D:10)
  6 centaur skeletons
  An iron imp (Spider:1)
  41 orc wizards
  A wasp zombie (D:5)
  15 iguanas
  11 hounds
  41 worker ants
  21 sheep
  A hound zombie (D:8)
  A worker ant zombie (D:9)
  Robin (D:2)
  19 adders
  4 gnolls (D:3)
  5 white imps (IceCv)
  3 shadow imps
  48 river rats
  7 ufetubi (IceCv)
  4 oozes
  An adder zombie (D:5)
  9 worms
  279 orcs
  4 giant cockroaches
  13 hobgoblins
  17 kobolds
  19 bats
  4 giant geckos
  6 giant newts
  13 goblins
  6 jackals
  5 quokkas
  A quokka zombie (D:5)
  15 rats
  2 fungi
  18 plants
  6 tentacles (Shoals:1)
1775 creatures vanquished.

Vanquished Creatures (collateral kills)
  An emperor scorpion (Spider:4)
  The ghost of Juudaz the Warrior, a journeyman VSMo of Okawaru (Orc:3)
  A merfolk javelineer (Shoals:2)
  A merfolk aquamancer (Shoals:4)
  Sonja (Lair:3)
  A faun (Shoals:2)
  A siren (Shoals:2)
  A merfolk (Shoals:2)
  A snapping turtle (Shoals:4)
9 creatures vanquished.

Vanquished Creatures (others)
  The ghost of inmateoo the Grappler, a journeyman TrMo of Okawaru (IceCv)
  A merfolk aquamancer (Shoals:4)
  A human (Lair:5)
  2 white imps (IceCv)
  3 ufetubi (IceCv)
  An orc (Orc:2)
  25 fungi
  19 plants
  17 tentacles (Shoals:1)
  547 tentacle segments (Shoals:1)
617 creatures vanquished.

Grand Total: 2401 creatures vanquished

Notes
Turn   | Place    | Note
--------------------------------------------------------------
     0 | D:1      | hannobal the Deep Dwarf Berserker began the quest for the Orb.
     0 | D:1      | Reached XP level 1. HP: 20/20 MP: 1/1
   168 | D:1      | Reached XP level 2. HP: 27/27 MP: 2/2
   518 | D:1      | Reached skill level 4 in Maces & Flails
   669 | D:1      | Reached ** piety under Trog
  1044 | D:2      | Reached XP level 3. HP: 33/33 MP: 3/3
  1176 | D:2      | Noticed Ijyb
  1188 | D:2      | Killed Ijyb
  1274 | D:2      | Found a shimmering altar of Xom.
  1389 | D:2      | Found a faded altar to an unknown god.
  1431 | D:2      | Reached XP level 4. HP: 40/40 MP: 4/4
  1542 | D:2      | Noticed Robin
  1550 | D:2      | Reached skill level 1 in Staves
  1557 | D:2      | Killed Robin
  2089 | D:3      | Found a shadowy altar of Dithmenos.
  2100 | D:3      | Reached skill level 1 in Throwing
  2251 | D:3      | Reached *** piety under Trog
  2253 | D:3      | Reached XP level 5. HP: 46/46 MP: 5/5
  2628 | D:4      | Got an encrusted long sword
  2629 | D:4      | Identified the +5 long sword "Edeimn" {antimagic, +Blink} (You found it on level 4 of the Dungeon)
  2699 | D:4      | Noticed an ogre
  2704 | D:4      | Killed an ogre
  2783 | D:4      | Reached XP level 6. HP: 51/55 MP: 6/6
  3224 | D:4      | Found a sparkling altar of Nemelex Xobeh.
  3595 | D:4      | Noticed a black bear
  3609 | D:4      | Killed a black bear
  3707 | D:5      | Entered Level 5 of the Dungeon
  3776 | D:5      | Received a gift from Trog
  4003 | D:5      | Reached skill level 5 in Staves
  4064 | D:5      | Found a deep blue altar of Sif Muna.
  4152 | D:5      | Found a runed door.
  4287 | D:5      | Reached XP level 7. HP: 42/61 MP: 6/8
  4309 | D:5      | Found a staircase to the Ecumenical Temple.
  4364 | Temple   | Entered the Ecumenical Temple
  4740 | D:5      | Reached skill level 6 in Staves
  4965 | D:5      | Reached skill level 7 in Staves
  5052 | D:5      | Reached XP level 8. HP: 66/68 MP: 9/9
  5069 | D:5      | Found a roughly hewn altar of Beogh.
  5372 | D:6      | Received a gift from Trog
  5392 | D:6      | Reached skill level 8 in Staves
  5509 | D:6      | Got a pitted hunting sling
  5510 | D:6      | Identified the +8 hunting sling "Tattletale" {freeze, rF+ Str+3} (You found it on level 6 of the Dungeon)
  6067 | D:7      | Reached skill level 9 in Staves
  6214 | D:7      | Gained mutation: You passively map the area around you. [Deep Dwarf growth]
  6214 | D:7      | Reached XP level 9. HP: 31/74 MP: 10/10
  6238 | D:7      | Reached skill level 10 in Staves
  6445 | D:7      | Noticed a moth of wrath
  6448 | D:7      | Found a bloodstained altar of Trog.
  6458 | D:7      | Reached **** piety under Trog
  6543 | D:7      | Reached skill level 11 in Staves
  7199 | D:8      | Killed an unseen horror
  7210 | D:8      | Reached skill level 12 in Staves
  7750 | D:9      | Reached XP level 10. HP: 61/81 MP: 11/11
  8002 | D:9      | Reached ***** piety under Trog
  8186 | D:9      | Found a staircase to the Orcish Mines.
  8340 | D:9      | Found a staircase to the Lair.
  8432 | D:9      | Found a white marble altar of Elyvilon.
  8585 | D:9      | Reached skill level 13 in Staves
  8749 | Lair:1   | Entered Level 1 of the Lair of Beasts
  9015 | Lair:1   | Reached skill level 14 in Staves
  9145 | Lair:1   | Reached XP level 11. HP: 88/88 MP: 11/11
  9263 | Lair:1   | Noticed a black mamba
  9272 | Lair:1   | Killed a black mamba
  9360 | Lair:1   | Noticed Urug
  9389 | Lair:1   | Killed Urug
  9403 | Lair:1   | Reached skill level 5 in Armour
  9589 | Lair:1   | Received a gift from Trog
 10562 | Lair:2   | Got a fine robe
 10573 | Lair:2   | Identified the +2 robe of Vostriamu {*Drain rN+ MR+ Str+4} (You found it on level 2 of the Lair of Beasts)
 10889 | Lair:2   | Gained mutation: Your muscles are strong. (Str +2) [potion of beneficial mutation]
 11160 | Lair:2   | Noticed a queen ant
 11188 | Lair:2   | Killed a queen ant
 11356 | Lair:2   | Reached skill level 5 in Fighting
 11494 | Lair:2   | Reached XP level 12. HP: 98/103 MP: 9/9
 11806 | Lair:3   | Noticed a four-headed hydra
 11835 | Lair:3   | Killed a four-headed hydra
 11835 | Lair:3   | Reached skill level 5 in Throwing
 11983 | Lair:3   | Reached skill level 5 in Evocations
 12109 | Lair:3   | Noticed Sonja
 12133 | Lair:3   | Killed Sonja
 12477 | Lair:3   | Noticed a four-headed hydra
 12487 | Lair:3   | Killed a four-headed hydra
 12759 | Lair:3   | Found a staircase to the Shoals.
 13087 | Lair:4   | Got a distressingly furry leather armour
 13105 | Lair:3   | Identified the cursed +0 leather armour of the Bulwark {rElec rC+ Stlth+} (You found it on level 4 of the Lair of Beasts)
 13344 | Lair:4   | Identified a scroll of acquirement
 13431 | Lair:4   | Found a hole to the Spider Nest.
 13879 | Lair:4   | Received a gift from Trog
 13962 | Lair:4   | Reached skill level 10 in Armour
 14174 | Lair:3   | Reached XP level 13. HP: 115/115 MP: 11/11
 15204 | Lair:5   | Noticed Kirke
 15232 | Lair:4   | Reached skill level 5 in Dodging
 15518 | Lair:5   | Killed Kirke
 15741 | Lair:5   | Received a gift from Trog
 17900 | Lair:7   | Found a staircase to the Slime Pits.
 18208 | Orc:1    | Entered Level 1 of the Orcish Mines
 18748 | Orc:1    | Received a gift from Trog
 19131 | Orc:2    | Found Meomuor's Jewellery Boutique.
 19151 | Orc:2    | Bought an uncursed amulet of resist corrosion for 220 gold pieces
 19151 | Orc:2    | Bought a +4 ring of protection for 396 gold pieces
 19219 | Orc:2    | Found a roughly hewn altar of Beogh.
 19612 | Orc:1    | You fall through a shaft!
 19636 | Orc:3    | Noticed Juudaz's ghost (journeyman VSMo)
 19696 | Orc:3    | Received a gift from Trog
 19697 | Orc:3    | Got a warped longbow {god gift}
 19704 | Orc:3    | Identified the +3 longbow of the Orcish Mines {freeze, rF- MR+ Str+3} (Trog gifted it to you on level 3 of the Orcish Mines)
 20256 | Orc:3    | Killed Juudaz's ghost
 20406 | Orc:3    | Noticed Erolcha
 20425 | Orc:3    | Gained mutation: You resist negative energy. [Deep Dwarf growth]
 20425 | Orc:3    | Reached XP level 14. HP: 129/129 MP: 13/13
 20545 | Orc:3    | Killed Erolcha
 20584 | Orc:3    | Found a staircase to the Elven Halls.
 20923 | Orc:4    | Entered Level 4 of the Orcish Mines
 21030 | Orc:4    | Received a gift from Trog
 21335 | Orc:4    | Reached ****** piety under Trog
 21407 | Orc:4    | Found Kacim's Food Boutique.
 21449 | Orc:4    | Found Legimust's Book Shop.
 21561 | Orc:4    | Found a roughly hewn altar of Beogh.
 21571 | Orc:4    | Received a gift from Trog
 22379 | Orc:4    | Noticed an orc warlord
 22410 | Orc:4    | Killed an orc warlord
 22519 | Orc:4    | Found a roughly hewn altar of Beogh.
 22687 | Orc:4    | Found Puemike's Assorted Antiques.
 22705 | Orc:4    | Bought a blue potion for 21 gold pieces
 22705 | Orc:4    | Bought a bubbling golden potion for 21 gold pieces
 22705 | Orc:4    | Bought a scroll of identify for 48 gold pieces
 22955 | Orc:4    | Received a gift from Trog
 23152 | Orc:4    | Received a gift from Trog
 23153 | Orc:4    | Got a slimy eveningstar {god gift}
 23154 | Orc:4    | Identified the +5 eveningstar of Doubt {speed, +Blink rC+ rN++ Int-5} (Trog gifted it to you on level 4 of the Orcish Mines)
 23415 | Orc:4    | Reached skill level 5 in Maces & Flails
 23490 | Orc:4    | Found Rarr's Food Emporium.
 23741 | Orc:4    | Got a pair of crude boots
 23752 | Orc:4    | Identified the cursed +0 pair of boots "Epicetao" {MR+ Dex+4} (You found it on level 4 of the Orcish Mines)
 23815 | Orc:4    | Bought a twisted rapier for 216 gold pieces
 23815 | Orc:4    | Bought an ichor-stained short sword for 192 gold pieces
 23815 | Orc:4    | Bought a scroll of teleportation for 72 gold pieces
 23815 | Orc:4    | Identified the +1 rapier of Premature Burial {distort, rF+ Int+4 SInv} (You bought it in a shop on level 4 of the Orcish Mines)
 23819 | Orc:4    | Identified the cursed +1 short sword "Mauj" {speed, *Contam +Fly rN++ Int+3} (You bought it in a shop on level 4 of the Orcish Mines)
 24131 | Lair:7   | Got a scorched war axe
 24625 | Lair:7   | Upgraded the game from 0.17.1-2-g5865329 to 0.17.1-3-g152610e
 25107 | Lair:8   | Entered Level 8 of the Lair of Beasts
 25122 | Lair:8   | Received a gift from Trog
 25203 | Lair:8   | Got a distressingly furry leather armour
 25212 | Lair:7   | Identified the +5 war axe "Bopemujo" {venom, SInv} (You found it on level 7 of the Lair of Beasts)
 25224 | Lair:7   | Identified the +2 leather armour of Proximity {rC+} (You found it on level 8 of the Lair of Beasts)
 25630 | Lair:8   | Reached XP level 15. HP: 109/135 MP: 12/12
 25637 | Lair:8   | Reached skill level 10 in Maces & Flails
 25932 | Lair:8   | Received a gift from Trog
 26444 | Lair:8   | Received a gift from Trog
 27123 | Lair:8   | Received a gift from Trog
 27598 | D:10     | Entered Level 10 of the Dungeon
 27799 | D:10     | Received a gift from Trog
 28144 | D:10     | Found a shadowy altar of Dithmenos.
 28728 | D:11     | Received a gift from Trog
 28890 | D:11     | Found a stormy altar of Qazlal.
 29268 | D:12     | Received a gift from Trog
 30375 | D:13     | Noticed Frances
 30386 | D:13     | Killed Frances
 31035 | D:13     | Got a scorched long sword
 31036 | D:13     | Identified the +6 long sword of Hospitality {antimagic, rF++ Str+4 Int-5 Stlth+} (You found it on level 13 of the Dungeon)
 31163 | D:14     | Received a gift from Trog
 31335 | D:14     | Received a gift from Trog
 31369 | D:14     | Found a gate to the Vaults.
 31782 | D:15     | Entered Level 15 of the Dungeon
 31830 | D:15     | Reached XP level 16. HP: 144/144 MP: 13/13
 32198 | D:15     | Noticed Louise
 32224 | D:15     | Killed Louise
 32473 | D:15     | Reached skill level 15 in Armour
 32758 | D:15     | Found a staircase to the Depths.
 32924 | D:14     | Received a gift from Trog
 33595 | Spider:1 | Entered Level 1 of the Spider Nest
 33667 | Lair:4   | Received a gift from Trog
 34521 | Spider:1 | Reached skill level 10 in Fighting
 35020 | Spider:2 | Received a gift from Trog
 35261 | Spider:2 | You fall through a shaft!
 35277 | Spider:3 | Reached skill level 10 in Throwing
 35325 | Spider:3 | Received a gift from Trog
 35541 | Spider:2 | Reached skill level 10 in Evocations
 35638 | Spider:2 | Received a gift from Trog
 36245 | Spider:3 | Reached skill level 10 in Dodging
 36673 | Spider:4 | Entered Level 4 of the Spider Nest
 36970 | Spider:4 | Received a gift from Trog
 37275 | Spider:4 | Reached XP level 17. HP: 156/156 MP: 15/15
 37852 | Spider:4 | Received a gift from Trog
 38488 | Spider:4 | Received a gift from Trog
 38676 | Spider:4 | Got a gossamer rune of Zot
 38919 | Shoals:1 | Entered Level 1 of the Shoals
 39471 | Shoals:1 | Found Suguriz's Weapon Shoppe.
 40277 | Shoals:2 | Received a gift from Trog
 40950 | Shoals:3 | Found a frozen archway.
 40997 | IceCv    | Entered an ice cave
 41100 | IceCv    | Killed inmateoo's ghost
 41303 | IceCv    | Noticed an Ice Fiend
 41314 | IceCv    | Killed an Ice Fiend
 41411 | IceCv    | Got a heavily runed granite ring
 41423 | IceCv    | Identified the ring "Culeaga" {rF+ Str+5} (You found it in an ice cave)
 41451 | IceCv    | Reached skill level 16 in Armour
 41587 | Shoals:3 | Gained mutation: You passively map a large area around you. [Deep Dwarf growth]
 41587 | Shoals:3 | Reached XP level 18. HP: 127/169 MP: 16/16
 42586 | Shoals:4 | Entered Level 4 of the Shoals
 42586 | Shoals:4 | Noticed Jorgrun
 42586 | Shoals:4 | Noticed emiel's ghost (adept HOGl)
 42592 | Shoals:4 | Killed Jorgrun
 42668 | Shoals:4 | Killed emiel's ghost
 42748 | Shoals:3 | Received a gift from Trog
 42864 | Shoals:4 | Noticed Ilsuiw
 42960 | Shoals:4 | Killed Ilsuiw
 43132 | Shoals:4 | Got a steaming scale mail
 43143 | Shoals:4 | Identified the +4 scale mail of the Mind {Str+2} (You found it on level 4 of the Shoals)
 43170 | Shoals:4 | Noticed Mara
 43487 | Shoals:4 | Received a gift from Trog
 43507 | Shoals:4 | Identified the Papyrus of Stolen Souls and Poison
 43586 | Shoals:4 | Noticed Polyphemus
 43607 | Shoals:4 | Killed Polyphemus
 44076 | Shoals:4 | Got a barnacled rune of Zot
 44115 | Shoals:4 | Received a gift from Trog
 44208 | Shoals:4 | Reached skill level 17 in Armour
 44680 | Elf:1    | Entered Level 1 of the Elven Halls
 44868 | Elf:1    | Reached skill level 1 in Shields
 44970 | Elf:1    | Received a gift from Trog
 45214 | Elf:1    | Received a gift from Trog
 45320 | Elf:1    | Reached skill level 5 in Shields
 45326 | Elf:1    | Noticed Aizul
 45347 | Elf:1    | Killed Aizul
 45587 | Elf:1    | Received a gift from Trog
 46207 | Elf:2    | Reached XP level 19. HP: 162/178 MP: 16/16
 46387 | Elf:2    | Received a gift from Trog
 46497 | Elf:2    | Found Obood's Assorted Antiques.
 46510 | Elf:2    | Bought a ruby-encrusted scale mail for 315 gold pieces
 46520 | Elf:2    | Identified the +1 scale mail "Boifyshri" {Str+2} (You bought it in a shop on level 2 of the Elven Halls)
 46700 | Elf:2    | Found a portal to a secret trove of treasure.
 46973 | Elf:2    | Found a huge runed gate.
 46973 | Elf:2    | Found a huge runed gate.
 46980 | Elf:2    | Found a huge runed gate.
 46980 | Elf:2    | Found a huge runed gate.
 46980 | Elf:2    | Found a huge runed gate.
 47108 | Elf:3    | Entered Level 3 of the Elven Halls
 47391 | Elf:3    | Received a gift from Trog
 47626 | Elf:3    | Got a fine rapier
 47627 | Elf:3    | Identified the +6 rapier "Damme" {pierce, +Blink rF+ Str+5} (You found it on level 3 of the Elven Halls)
 47644 | Elf:3    | Found Ceiromei's Jewellery Shoppe.
 47653 | Elf:3    | Bought an uncursed amulet of resist mutation for 440 gold pieces
 47653 | Elf:3    | Bought the ring "Fiqius" {rC+++ AC+3 Str+2 Dex-4 Slay+2} for 739 gold pieces
 47670 | Elf:3    | Found an ancient bone altar of Kikubaaqudgha.
 47755 | Elf:3    | Received a gift from Trog
 48079 | Elf:3    | Got a crude lapis lazuli ring
 48080 | Elf:3    | Got a twisted mace {holy}
 48083 | Elf:3    | Identified the +9 mace of the Onslaught {holy, Str+3 Int+2 SInv} (You took it off a deep elf mage on level 3 of the Elven Halls)
 48351 | Elf:3    | Identified the ring "Agasus" {Ice MR+ SInv} (You took it off a deep elf mage on level 3 of the Elven Halls)
 48742 | Elf:3    | Killed from afar by a deep elf sorcerer

Action                   |  1- 3 |  4- 6 |  7- 9 | 10-12 | 13-15 | 16-18 | 19-21 || total
-------------------------+-------+-------+-------+-------+-------+-------+-------++-------
Melee: Mace              |    83 |       |       |       |       |       |       ||    83
       Quarterstaff      |    12 |   139 |   325 |   797 |   807 |       |       ||  2080
       Whip              |       |       |    49 |       |       |       |       ||    49
       Eveningstar       |       |       |       |       |  1037 |  1784 |   196 ||  3017
       Lajatang          |       |       |       |       |   221 |       |       ||   221
       War axe           |       |       |       |       |     7 |    38 |     3 ||    48
 Fire: Hunting sling     |       |    31 |    67 |   218 |   109 |       |       ||   425
       Blowgun           |       |       |       |       |    37 |    41 |     3 ||    81
Throw: Tomahawk          |    20 |    52 |    32 |     7 |   309 |    15 |       ||   435
       Stone             |     4 |     3 |       |       |       |       |       ||     7
       Javelin           |       |     4 |     3 |    34 |   311 |   465 |   104 ||   921
Invok: Berserk           |     2 |     3 |    10 |    29 |    34 |    30 |     2 ||   110
       Trog's Hand       |       |     3 |     8 |    18 |    26 |    59 |     9 ||   123
       Burn Spellbooks   |       |       |     1 |     2 |     1 |     4 |     2 ||    10
       Brothers in Arms  |       |       |       |     1 |     1 |     3 |       ||     5
 Abil: Device Recharging |       |       |       |     6 |     3 |     3 |       ||    12
       Evoke Flight      |       |       |       |       |       |    22 |     1 ||    23
Evoke: Wand              |       |     2 |    10 |    26 |    24 |    26 |       ||    88
       Sack of spiders   |       |       |       |     3 |       |       |       ||     3
       Lamp of fire      |       |       |       |       |       |     4 |     1 ||     5
  Use: Scroll            |     8 |     4 |     9 |     7 |    20 |    12 |     3 ||    63
       Potion            |     4 |       |       |     3 |     5 |     9 |       ||    21
 Stab: Sleeping          |     2 |       |       |       |       |       |     2 ||     4
       Distracted        |       |       |       |       |     1 |       |     1 ||     2
       Held in net/web   |       |       |       |       |       |     1 |       ||     1
  Eat: Chunk             |     3 |    12 |    22 |    42 |    80 |    90 |    10 ||   259
       Beef jerky        |       |     1 |       |     2 |     3 |     1 |       ||     7
       Royal jelly       |       |       |       |     3 |     2 |     2 |       ||     7
       Fruit             |       |       |       |     3 |    21 |     2 |       ||    26
       Pizza             |       |       |       |       |     3 |       |       ||     3
